cohdb
Replays
Latest Replays
All Replays
Popular Replays
Top Player Replays
Match Explorer
How It Works
Community
CoH3 Stats
Reddit
Sign in to upload your games and track your stats! →
Sign in with Steam
Match 42891467
Unlisted
Match 42891467
Overview
Messages
Build Orders
End
Kettenkrad Recon Vehicle
Construct Infanterie Kompanie
Selects Terror Battlegroup
Selects Machine Gun Camouflage
MG 42 Machine Gun Team
GrW 34 Mortar Team
GrW 34 Mortar Team
MG 42 Bunker
Construct Luftwaffe Kompanie
Jäger Squad
Jäger Squad
Support Elements
Selects Contempt for the Weak
Wirbelwind Flakpanzer
MG 42 Bunker
MG 42 Bunker
Proust
Tu Es Belle
DDX
DeepGift
Skibana
Tok3n x Operator
chasedirig
TechT0nic
0
0
Comments
sign in to comment!
No comments posted yet!